 Dungeon Crawl Stone Soup version 0.18.1-8-gdd0e5ea (webtiles) character file.

275 Denchik the Chopper (level 6, -12/84 HPs)
             Began as a Minotaur Berserker on May 28, 2016.
             Was a Believer of Trog.
             Mangled by an orc warrior
             ... wielding a +0 glaive
              (16 damage)
             ... on level 6 of the Dungeon.
             The game lasted 00:05:37 (2337 turns).

Denchik the Chopper (Minotaur Berserker)            Turns: 2337, Time: 00:05:38

Health: -12/84     AC:  2    Str: 27    XL:     6   Next: 3%
Magic:  5/5        EV: 13    Int:  5    God:    Trog [**....]
Gold:   154        SH:  0    Dex: 10    Spells: 0 memorised, 5 levels left

rFire  . . .     SeeInvis .     a - +0 hand axe
rCold  . . .     Gourm    .     b - +0 animal skin
rNeg   . . .     Faith    .     (no shield)
rPois  .         Spirit   .     (helmet restricted)
rElec  .         Dismiss  .     (no cloak)
rCorr  .         Reflect  .     (no gloves)
SustAt .         Harm     .     (no boots)
MR     .....                    (no amulet)
Stlth  ..........               (no ring)
                                (no ring)

@: berserking (expiring), slowed, not resistant to hostile enchantments,
extremely unstealthy
A: retaliatory headbutt, horns 2
a: Berserk, Trog's Hand, Burn Spellbooks, Renounce Religion


You were on level 6 of the Dungeon.
You worshipped Trog.
Trog was pleased with you.
You were hungry.

You visited 1 branch of the dungeon, and saw 4 of its levels.

You collected 154 gold pieces.

Inventory:

Hand Weapons
 a - a +0 hand axe (weapon)
Armour
 b - a +0 animal skin (worn)
 t - a +0 cloak
Wands
 s - a wand of flame (3/48)
Scrolls
 d - a scroll of recharging {unknown}
 f - 3 scrolls of identify {unknown}
 h - a scroll of remove curse {unknown}
 i - 2 scrolls of fear {unknown}
 j - 2 scrolls of fog {unknown}
 m - a scroll of teleportation {unknown}
Potions
 e - 2 potions of curing {unknown}
 g - 2 potions of haste {unknown}
 k - a potion of brilliance {unknown}
 n - a potion of resistance {unknown}
 o - 2 potions of magic {unknown}
 q - a potion of flight {unknown}
 r - a potion of cancellation {unknown}
Comestibles
 c - 3 bread rations
 l - a meat ration
 p - a chunk of flesh


   Skills:
 + Level 5.3 Fighting
 * Level 5.4 Axes
 * Level 3.8 Armour
 + Level 3.7 Dodging


You had 5 spell levels left.
You didn't know any spells.

Dungeon Overview and Level Annotations

Branches:
Dungeon (3/15)

Altars:
Qazlal
Sif Muna


Innate Abilities, Weirdness & Mutations

You reflexively headbutt those who attack you in melee.
You have a pair of horns on your head.


Message History

The orc warrior hits you from afar with a glaive!
* * * LOW HITPOINT WARNING * * *
The orc wizard casts a spell.
The orc wizard blinks!
A red film seems to cover your vision as you go berserk!
You feel yourself moving faster!
You feel mighty!
You are feeling hungry.
The orc wizard points at you and mumbles some strange words.
You feel yourself slow down.
You feel a strong urge to attack something.
The orc warrior barely misses you. The orc wizard hits you with a dagger!
* * * LOW HITPOINT WARNING * * *
The orc wizard misses you. You furiously retaliate!
You headbutt the orc wizard, but do no damage.
You slash the orc wizard!
The orc wizard is heavily wounded.
The orc wizard hits you but does no damage.
The orc warrior hits you from afar with a glaive!
You die...

#.. #.# #.# #.## #
... .## #.# #
#.######o####... #.
#....o@........#
#.###.######.####..#
#.................#
##.########.####..#
#.# .... ###.#
#..###
#####...#######[.#
#.....#...........
#.###...#####.#.##


You could see an orc warrior and an orc wizard.

Vanquished Creatures
  A giant frog (D:6)
  An orc priest (D:6)
  Crazy Yiuf (D:2)
  Jessica (D:2)
  An iguana (D:6)
  Terence (D:2)
  2 adders
  A shadow imp (D:6)
  3 dart slugs (D:1)
  A giant gecko (D:1)
  An orc (D:2)
  3 giant cockroaches
  4 goblins
  4 hobgoblins
  4 jackals (D:2)
  4 kobolds
  7 bats
  4 giant newts
  6 rats
50 creatures vanquished.

Notes
Turn   | Place    | Note
--------------------------------------------------------------
     0 | D:1      | Denchik the Minotaur Berserker began the quest for the Orb.
     0 | D:1      | Reached XP level 1. HP: 19/19 MP: 0/0
   169 | D:1      | Reached XP level 2. HP: 25/27 MP: 1/1
   841 | D:1      | Reached ** piety under Trog
   937 | D:2      | Reached XP level 3. HP: 27/33 MP: 2/2
  1453 | D:2      | Found a stormy altar of Qazlal.
  1503 | D:2      | Noticed Terence
  1508 | D:2      | Killed Terence
  1508 | D:2      | Reached XP level 4. HP: 41/41 MP: 3/3
  1654 | D:2      | Noticed Jessica
  1667 | D:2      | Killed Jessica
  1769 | D:2      | Noticed Crazy Yiuf
  1777 | D:2      | Killed Crazy Yiuf
  1777 | D:2      | Reached XP level 5. HP: 9/47 MP: 4/4
  2193 | D:3      | Found a faded altar to an unknown god.
  2244 | D:3      | You fall through a shaft for 3 floors!
  2250 | D:6      | Found a deep blue altar of Sif Muna.
  2259 | D:6      | Reached skill level 5 in Axes
  2275 | D:6      | Reached skill level 5 in Fighting
  2327 | D:6      | Noticed an orc warrior
  2333 | D:6      | Reached XP level 6. HP: 17/56 MP: 5/5
  2336 | D:6      | HP: 3/84 [orc wizard/dagger (7)]
  2337 | D:6      | Mangled by an orc warrior

Skill      XL: |  1  2  3  4  5 |
---------------+----------------+-----
Fighting       | 4 5 |  5.3
Axes           | 4 5 |  5.4
Armour         | 3 |  3.8
Dodging        | 3 |  3.7

Action                   |  1- 3 |  4- 6 || total
-------------------------+-------+-------++-------
Melee: Hand axe          |    70 |    41 ||   111
       Headbutt          |    10 |     7 ||    17
       Unarmed           |       |     1 ||     1
Invok: Berserk           |       |     1 ||     1
  Eat: Chunk             |     1 |     3 ||     4
Armor: Animal skin       |    12 |     7 ||    19
Dodge: Dodged            |    55 |    34 ||    89
